 Dungeon Crawl Stone Soup version 0.21.1-1-g345015f (webtiles) character file.

7166 poirepourri the Peltast (level 10, -1/83 HPs)
             Began as a Minotaur Fighter on July 22, 2018.
             Was a Believer of Makhleb.
             Slain by a four-headed hydra (4 damage)
             ... on level 9 of the Dungeon.
             The game lasted 00:08:19 (7747 turns).

poirepourri the Peltast (Minotaur Fighter)          Turns: 7747, Time: 00:08:20

Health: -1/83      AC: 12    Str: 21    XL:     10   Next: 86%
Magic:  9/9        EV:  9    Int:  9    God:    Makhleb [**....]
Gold:   371        SH: 14    Dex: 13    Spells: 9/9 levels left

rFire    + . .     SeeInvis +   A - +2 war axe (chop)
rCold    + + .     Gourm    .   c - +0 shield
rNeg     . . .     Faith    .   b - +0 scale mail
rPois    .         Spirit   .   (helmet restricted)
rElec    .         Reflect  .   G - scarf {rC+ rF+}
rCorr    .         Harm     .   v - +1 pair of gloves
MR       +....                  F - +2 pair of boots of the Ward {Int+4}
Stlth    ..........             (no amulet)
HPRegen  0.23/turn              H - ring of Jurude {rC+ MR+}
MPRegen  0.11/turn              D - ring of see invisible

@: no status effects
A: retaliatory headbutt, horns 2
a: Minor Destruction, Renounce Religion


You were on level 9 of the Dungeon.
You worshipped Makhleb.
Makhleb was pleased with you.
You were not hungry.

You visited 2 branches of the dungeon, and saw 10 of its levels.

You collected 539 gold pieces.
You spent 168 gold pieces at shops.

Inventory:

Hand Weapons
 A - a +2 war axe of chopping (weapon)
Missiles
 i - 69 bolts
 l - 39 sling bullets
 n - 7 exploding tomahawks (quivered)
 u - 12 tomahawks
Armour
 b - a +0 scale mail (worn)
 c - a +0 shield (worn)
 h - a +1 cloak
 v - a +1 pair of gloves (worn)
 F - the +2 pair of boots of the Ward (worn) {Int+4}
   (You found it on level 6 of the Dungeon)

   It affects your intelligence (+4).
 G - a scarf of resistance (worn)
Jewellery
 d - an uncursed ring of resist corrosion
 D - a ring of see invisible (right hand)
 H - the ring of Jurude (left hand) {rC+ MR+}
   (You found it on level 9 of the Dungeon)

   [ring of protection from cold]

   It protects you from cold.
   It affects your resistance to hostile enchantments.
Wands
 o - a wand of acid (4)
 z - a wand of flame (23)
Scrolls
 j - 3 scrolls of remove curse
 t - 2 scrolls of fog
 w - 5 scrolls of teleportation
 y - 2 scrolls of amnesia
 E - 2 scrolls of fear
Potions
 e - a potion of invisibility
 g - a potion of ambrosia
 k - 3 potions of haste
 m - 4 potions of brilliance
 p - 2 potions of heal wounds {unknown}
 q - 5 potions of curing
 s - a potion of mutation
 x - a potion of berserk rage {unknown}
 B - a potion of lignification {unknown}
 C - a potion of agility {unknown}
Books
 a - a book of Flames

   Spells                             Type                      Level
   a - Flame Tongue                   Conjuration/Fire             1
   b - Throw Flame                    Conjuration/Fire             2
   c - Conjure Flame                  Conjuration/Fire             3
   d - Inner Flame                    Hexes/Fire                   3
   e - Sticky Flame                   Conjuration/Fire             4
   f - Fireball                       Conjuration/Fire             5
Comestibles
 f - 18 rations


   Skills:
 - Level 6.1 Fighting
 - Level 11.1 Axes
 - Level 3.6 Armour
 + Level 15.4 Shields


You had 9 spell levels left.
You didn't know any spells.

Dungeon Overview and Level Annotations

Branches:
Dungeon (9/15)             Temple (1/1) D:5
   Lair: D:8-11         Orc: D:9-12

Altars:
Ashenzari
Cheibriados
Dithmenos
Elyvilon
Fedhas
Gozag
Hepliaklqana
Kikubaaqudgha
Makhleb
Nemelex Xobeh
Okawaru
Qazlal
Ru
Sif Muna
Trog
Uskayaw
Vehumet
Wu Jian
Xom
Yredelemnul
Zin
The Shining One

Shops:
D:9 ?


Innate Abilities, Weirdness & Mutations

You reflexively headbutt those who attack you in melee.
You have a pair of horns on your head.


Message History

You throw a javelin. The javelin hits the four-headed hydra.
The four-headed hydra is lightly wounded.
The four-headed hydra bites you.
* * * LOW HITPOINT WARNING * * *
You block the four-headed hydra's attack.
The four-headed hydra barely misses you.
The four-headed hydra closely misses you.
Throwing (i - inventory. (,) - cycle):
r - a javelin (quivered)
Press: ? - help, Shift-Dir - straight line, f/p - four-headed hydra
Aim: a four-headed hydra (lightly wounded)
You throw a javelin. The javelin hits the four-headed hydra!
The four-headed hydra is moderately wounded.
You block the four-headed hydra's attack.
The four-headed hydra bites you.
* * * LOW HITPOINT WARNING * * *
You block the four-headed hydra's attack. x2
The four-headed hydra bites you!
* * * LOW HITPOINT WARNING * * *
The four-headed hydra bites you.
You die...

#...##'##......#
#)..#...#......#
#...'...#......#####
#...#...#...........
#...#...#...........
#...#...#...........
#...#...#....######†
##########....# #.
#.KD@....#....# #.
#%.#.....#....# #.
#+###'''##....# #.
#.≈P.....###.. #.
#P≈≈.....# #.. #.
#≈≈P..P..# ##.
#P≈....^.# ..
#PP≈.††≈.# ###
#####.#### #


You could see a four-headed hydra and a big kobold.

Vanquished Creatures
  Erolcha (D:9)
  Erica (D:9)
  The ghost of poirepourri the Cleaver, a novice DDFi of Makhleb (D:6)
  The ghost of Rwicked the Geomancer, a novice GrEE of Vehumet (D:7)
  The ghost of aaksess the Chiller, an amateur BaIE (D:3)
  2 dream sheep (D:9)
  A hippogriff (D:9)
  2 yaks (D:9)
  The ghost of sipior the Skirmisher, an amateur GrBe of Trog (D:4)
  2 orc warriors (D:7)
  4 ice beasts
  3 ogres
  3 big kobolds
  2 bullfrogs (D:7)
  A wyvern skeleton (D:8)
  4 scorpions
  A water moccasin skeleton (D:5)
  5 killer bees (D:8)
  4 wights (D:6)
  3 howler monkeys
  A centaur zombie (D:6)
  4 crimson imps
  A quasit (D:6)
  9 orc priests
  A centaur skeleton (D:7)
  6 jellies
  16 orc wizards
  A bullfrog skeleton (D:7)
  2 hounds
  An iguana (D:8)
  4 worker ants
  A worker ant zombie (D:9)
  7 gnolls (D:6)
  12 adders
  2 shadow imps
  2 oozes
  An adder zombie (D:9)
  3 worms
  2 dart slugs (D:2)
  8 leopard geckos
  39 orcs
  4 ball pythons
  3 bats
  7 giant cockroaches
  8 goblins
  6 hobgoblins
  3 jackals (D:1)
  4 quokkas
  2 frilled lizards
  11 kobolds
  9 rats
223 creatures vanquished.

Notes
Turn   | Place    | Note
-------+----------+-------------------------------------------
     0 | D:1      | poirepourri the Minotaur Fighter began the quest for the Orb.
     0 | D:1      | Reached XP level 1. HP: 19/19 MP: 0/0
   162 | D:1      | Reached XP level 2. HP: 26/26 MP: 1/1
   639 | D:2      | Reached XP level 3. HP: 26/31 MP: 2/2
  1006 | D:2      | Reached skill level 5 in Axes
  1037 | D:2      | Reached XP level 4. HP: 39/39 MP: 3/3
  1524 | D:3      | Noticed aaksess's ghost (amateur BaIE)
  1534 | D:3      | Killed aaksess's ghost
  1534 | D:3      | Reached XP level 5. HP: 19/45 MP: 4/4
  1534 | D:3      | Reached XP level 6. HP: 22/51 MP: 5/5
  2162 | D:3      | Found a sparkling altar of Nemelex Xobeh.
  2351 | D:4      | Noticed sipior's ghost (amateur GrBe)
  2361 | D:4      | Killed sipior's ghost
  2361 | D:4      | Reached XP level 7. HP: 14/57 MP: 6/6
  2405 | D:4      | Reached skill level 10 in Axes
  2720 | D:4      | Found the amulet of the Air {Inacc +Fly rElec EV+5 RMsl}
  3162 | D:5      | Entered Level 5 of the Dungeon
  3167 | D:5      | Reached XP level 8. HP: 61/64 MP: 7/7
  3449 | D:5      | Reached skill level 5 in Fighting
  3667 | D:5      | Found a staircase to the Ecumenical Temple.
  3733 | Temple   | Entered the Ecumenical Temple
  3744 | Temple   | Became a worshipper of Makhleb the Destroyer
  4295 | D:6      | Reached skill level 4 in Shields
  4370 | D:6      | Reached skill level 5 in Shields
  4527 | D:6      | Reached skill level 6 in Shields
  4854 | D:6      | Reached skill level 7 in Shields
  4885 | D:6      | Reached * piety under Makhleb
  5172 | D:6      | Noticed poirepourri's ghost (novice DDFi)
  5189 | D:6      | Killed poirepourri's ghost
  5189 | D:6      | Reached skill level 9 in Shields
  5189 | D:6      | Reached XP level 9. HP: 74/75 MP: 8/8
  5344 | D:6      | Got a pair of translucent boots
  5355 | D:6      | Identified the +2 pair of boots of the Ward {Int+4} (You found it on level 6 of the Dungeon)
  5422 | D:7      | Noticed Rwicked's ghost (novice GrEE)
  5443 | D:7      | Killed Rwicked's ghost
  5443 | D:7      | Reached skill level 11 in Shields
  5571 | D:7      | Found an opulent altar of Gozag.
  5639 | D:7      | Reached skill level 12 in Shields
  5905 | D:7      | Reached XP level 10. HP: 76/83 MP: 9/9
  6340 | D:8      | Reached ** piety under Makhleb
  6462 | D:8      | Reached skill level 13 in Shields
  6588 | D:8      | Found a blossoming altar of Fedhas.
  6734 | D:8      | Identified a scroll of acquirement
  6786 | D:9      | Found Xenommu's Magic Scroll Emporium.
  6816 | D:9      | Bought a scroll of enchant weapon for 120 gold pieces
  6816 | D:9      | Bought a scroll of teleportation for 48 gold pieces
  6840 | D:9      | Noticed Erica
  6855 | D:9      | HP: 4/83 [Erica/scimitar of flaming (1)]
  6856 | D:9      | Killed Erica
  7205 | D:9      | Reached skill level 14 in Shields
  7253 | D:9      | Got a clouded jade ring
  7255 | D:9      | Identified the ring of Jurude {rC+ MR+} (You found it on level 9 of the Dungeon)
  7395 | D:9      | Found a hazy altar of Hepliaklqana.
  7398 | D:9      | Found a basalt altar of Yredelemnul.
  7401 | D:9      | Found a sacrificial altar of Ru.
  7464 | D:9      | Noticed Erolcha
  7477 | D:9      | Killed Erolcha
  7705 | D:9      | Reached skill level 15 in Shields
  7738 | D:9      | Noticed a three-headed hydra
  7747 | D:9      | HP: 3/83 [four-headed hydra (8)]
  7747 | D:9      | Slain by a four-headed hydra

Skill      XL: |  1  2  3  4  5  6  7  8  9 10 |
---------------+-------------------------------+-----
Axes           | 3 4 5 7 9 11 | 11.1
Fighting       | 6 |  6.1
Shields        | 9 12 15 | 15.4
Armour         | |  3.6

Action                   |  1- 3 |  4- 6 |  7- 9 | 10-12 || total
-------------------------+-------+-------+-------+-------++-------
Melee: War axe           |    67 |   101 |   291 |   130 ||   589
       Headbutt          |     6 |    15 |    45 |    34 ||   100
Throw: Javelin           |       |       |       |     5 ||     5
  Use: Scroll            |       |     5 |     8 |     7 ||    20
       Potion            |       |     1 |     1 |       ||     2
 Stab: Invisible         |       |       |     1 |       ||     1
  Eat: Chunk             |       |     2 |     2 |     1 ||     5
       Ration            |       |     1 |     3 |     2 ||     6
Armor: Scale mail        |    32 |    51 |    96 |    52 ||   231
Dodge: Dodged            |    25 |    44 |    59 |    52 ||   180
Block: Shield            |    50 |    47 |   130 |    87 ||   314
